 Dungeon Crawl Stone Soup version 0.17.0-26-gececa24 (webtiles) character file.

3133 Ijustatesigmund the Basher (level 9, -1/132 HPs)
             Began as a Minotaur Gladiator on Nov 20, 2015.
             Was an Elder of Okawaru.
             Slain by an orc priest (4 damage)
             ... on level 8 of the Dungeon.
             The game lasted 00:32:14 (8308 turns).

Ijustatesigmund the Basher (Minotaur Gladiator)     Turns: 8308, Time: 00:32:14

Health: -1/132     AC: 24    Str: 20    XL:     9   Next: 61%
Magic:  12/20      EV:  2    Int: 10    God:    Okawaru [****..]
Gold:   442        SH:  0    Dex: 16    Spells: 2 memorised, 6 levels left

rFire  . . .     SeeInvis .     a - +0 flail
rCold  . . .     Clarity  .     (armour currently unavailable)
rNeg   + + +     SustAt   .     (no shield)
rPois  +         Gourm    .     (helmet currently unavailable)
rElec  .         Spirit   .     (cloak currently unavailable)
rCorr  .         Warding  .     (gloves currently unavailable)
rMut   .         NoTele   +     (boots currently unavailable)
MR     .....                    (no amulet)
Stlth  ++++......               (no ring)
                                j - ring of magical power

@: brilliant, lethally poisoned (-1 -> -3), tree-form, heroism, very slightly
contaminated, invisible, not resistant to hostile enchantments, stealthy
A: (retaliatory headbutt), (horns 0), agile 1, robust 1
a: Heroism, Renounce Religion


You were on level 8 of the Dungeon.
You worshipped Okawaru.
Okawaru was greatly pleased with you.
You were hungry.
You were a tree.
You visited 1 branch of the dungeon, and saw 8 of its levels.

You collected 442 gold pieces.

Inventory:

Hand Weapons
 a - a +0 flail (weapon)
 l - a +1 blowgun
Missiles
 b - 11 needles of slowing
 g - 75 poisoned needles
 m - 4 curare-tipped needles
 z - 7 poisoned javelins
 D - 3 javelins of penetration (quivered)
Armour
 c - a +0 hat (melded)
 d - a +0 robe (melded)
 x - a +0 pair of boots (melded)
 B - a +0 cloak (melded)
 C - a +0 ring mail of cold resistance
Jewellery
 j - a ring of magical power (left branch)
Wands
 q - a wand of frost (22)
 s - a wand of disintegration (10)
Scrolls
 h - a scroll of noise
 k - 4 scrolls of teleportation
 A - a scroll of amnesia
 E - 2 scrolls of identify
 H - a scroll of enchant armour
Potions
 i - 2 potions of lignification
 n - a potion of flight
Books
 o - a book of Geomancy

   Spells                             Type                      Level
   a - Sandblast                      Earth                        1
   b - Stoneskin                      Transmutation/Earth          2
   c - Passwall                       Transmutation/Earth          3
   d - Stone Arrow                    Conjuration/Earth            3
   e - Petrify                        Transmutation/Earth          4
   f - Lee's Rapid Deconstruction     Earth                        5
 w - a book of Party Tricks

   Spells                             Type                      Level
   a - Summon Butterflies             Summoning                    1
   b - Apportation                    Translocation                1
   c - Tukima's Dance                 Hexes                        3
   d - Alistair's Intoxication        Transmutation/Poison         4
   e - Invisibility                   Hexes                        6
 y - a Grand Grimoire

   Spells                             Type                      Level
   a - Monstrous Menagerie            Summoning                    6
   b - Summon Greater Demon           Summoning                    7
   c - Malign Gateway                 Summoning/Translocation      7
   d - Summon Horrible Things         Summoning                    8
Miscellaneous
 G - a plain deck of summoning
Comestibles
 e - 5 bread rations
 f - 4 meat rations


   Skills:
 - Level 7.7(12.7) Fighting
 + Level 10.9(15.9) Maces & Flails
 - Level 3.0(8.0) Throwing
 - Level 5.2(10.2) Armour
 - Level 3.2(8.2) Dodging
 + Level 1.9 Summonings
 + Level 2.0 Translocations
 + Level 4.7 Invocations


You had 6 spell levels left.
You knew the following spells:

 Your Spells              Type           Power        Failure   Level  Hunger
a - Apportation           Tloc           ##........   2%          1    ##.....
b - Summon Butterflies    Summ           #.......     2%          1    ##.....


Dungeon Overview and Level Annotations

Branches:
Dungeon (8/15)             Temple (0/1) D:6
   Lair: D:8-11

Altars:
Ashenzari
Cheibriados
Elyvilon
Fedhas
Gozag
Nemelex Xobeh
Okawaru
Ru
Trog
Xom
Yredelemnul

Annotations:
D:6 Prince Ribbit


Innate Abilities, Weirdness & Mutations

((You reflexively headbutt those who attack you in melee.))
((You have a pair of horns on your head.))
You are agile. (Dex +2)
You are robust (+10% HP).


Message History

Your butterfly disappears in a puff of smoke! x3
Something hits you but does no damage.
You are poisoned.
Throwing (i - inventory. (,) - cycle):
D - 5 javelins of penetration (quivered)
Press: ? - help, Shift-Dir - straight line You throw a javelin of penetration.
Okawaru accepts your kill.
Reactivating autopickup.
Your Translocations skill increases to level 2!
You feel a bit more experienced.
You feel sick.
Your butterfly disappears in a puff of smoke! x3
Throwing (i - inventory. (,) - cycle):
D - 4 javelins of penetration (quivered)
Press: ? - help, Shift-Dir - straight line, f - orc priest
Aim: an orc priest, wearing a chain mail You throw a javelin of penetration.
The javelin of penetration misses the orc priest.
You feel sick.
Your butterfly disappears in a puff of smoke! x3
The orc priest hits you.
You die...

.........÷...#......#.>..
...........#.#...........
...........#.............
......[.......b..oo)#....
..........##.....).......
.........###§(#..{.#.....
#####.#####..............
#...##(o†..........####
.....#♣#§........#"## #
#...)...#.#...#####..# .
#..§..........### ##.##.
#....§b..#..#...####....
#.bb.b...............†..
..§§..§§..._#########.##
#......[.#### #.##
#.§....#.##### #.?.
.....##)#...### #######


You could see an orc priest.

Vanquished Creatures
  A hill giant (D:7)
  Pikel (D:8)
  A hippogriff (D:7)
  Duvessa (D:5)
  A water moccasin (D:7)
  A sky beast (D:3)
  2 ogres
  A slave (D:8)
  3 centaurs
  A big kobold (D:7)
  3 giant frogs
  Dowan (D:5)
  2 scorpions
  A centaur zombie (D:5)
  2 crimson imps
  The ghost of bart the Conjurer, a weakling DECj (D:4)
  A hound (D:7)
  A giant frog skeleton (D:7)
  A jelly (D:7)
  Ijyb (D:2)
  A gnoll shaman (D:8)
  5 orc wizards
  An iguana (D:4)
  Jessica (D:2)
  Natasha (thrice) (D:2)
  A killer bee zombie (D:8)
  3 worker ants
  11 gnolls
  9 adders
  3 oozes
  An adder skeleton (D:5)
  An adder zombie (D:7)
  3 worms
  2 giant geckos
  23 orcs
  6 bats
  6 giant cockroaches
  10 hobgoblins
  7 jackals
  11 kobolds
  3 quokkas
  2 giant gecko skeletons (D:4)
  6 giant newts
  15 goblins
  A jackal skeleton (D:5)
  14 rats
176 creatures vanquished.

Vanquished Creatures (others)
  A wyvern (D:8)
  An iguana (D:8)
  A worker ant zombie (D:8)
3 creatures vanquished.

Grand Total: 179 creatures vanquished

Notes
Turn   | Place    | Note
--------------------------------------------------------------
     0 | D:1      | Ijustatesigmund the Minotaur Gladiator began the quest for the Orb.
     0 | D:1      | Reached XP level 1. HP: 18/18 MP: 0/0
    65 | D:1      | Reached skill level 4 in Maces & Flails
   161 | D:1      | Reached XP level 2. HP: 25/25 MP: 1/1
   711 | D:2      | Noticed Ijyb
   715 | D:2      | Killed Ijyb
   715 | D:2      | Reached XP level 3. HP: 30/33 MP: 2/2
   716 | D:2      | Found a blossoming altar of Fedhas.
   720 | D:2      | Found an iron altar of Okawaru.
   721 | D:2      | Found an opulent altar of Gozag.
   727 | D:2      | Noticed Natasha
   735 | D:2      | HP: 2/49 [Natasha (5)]
   737 | D:2      | Killed Natasha
   737 | D:2      | Reached skill level 5 in Maces & Flails
   737 | D:2      | Reached XP level 4. HP: 2/40 MP: 3/3
   775 | D:2      | HP: 2/40 [jackal (2)]
   910 | D:2      | Noticed Natasha
   918 | D:2      | Became a worshipper of Warmaster Okawaru
  1190 | D:2      | Killed Natasha
  1227 | D:2      | Noticed Natasha
  1230 | D:2      | Killed Natasha
  1454 | D:2      | Noticed Jessica
  1460 | D:2      | Killed Jessica
  1460 | D:2      | Reached XP level 5. HP: 47/47 MP: 4/4
  1545 | D:3      | You fall through a shaft for 2 floors!
  1545 | D:5      | Entered Level 5 of the Dungeon
  1546 | D:5      | Found a sacrificial altar of Ru.
  1565 | D:5      | Noticed a centaur
  1832 | D:4      | Found a shimmering altar of Xom.
  1888 | D:3      | Noticed a sky beast
  1913 | D:4      | Found a snail-covered altar of Cheibriados.
  1924 | D:5      | Found a basalt altar of Yredelemnul.
  1944 | D:5      | Noticed Duvessa
  1945 | D:5      | Noticed Dowan
  1953 | D:5      | HP: 2/47 [Dowan/dagger (6)]
  1954 | D:5      | Killed Duvessa
  1954 | D:5      | Reached * piety under Okawaru
  1954 | D:5      | Reached skill level 5 in Fighting
  1954 | D:5      | Reached skill level 6 in Maces & Flails
  1954 | D:5      | Reached XP level 6. HP: 1/56 MP: 5/5
  1959 | D:5      | Killed Dowan
  2345 | D:5      | Killed a centaur
  2345 | D:5      | Reached skill level 7 in Maces & Flails
  2581 | D:3      | Killed a sky beast
  2581 | D:3      | Reached XP level 7. HP: 44/64 MP: 6/6
  3940 | D:3      | Found a white marble altar of Elyvilon.
  4139 | D:3      | You fall through a shaft!
  4168 | D:4      | Noticed bart's ghost (weakling DECj)
  4176 | D:4      | Killed bart's ghost
  4233 | D:4      | Reached ** piety under Okawaru
  4233 | D:4      | Reached skill level 8 in Maces & Flails
  4837 | D:5      | Noticed an ogre
  4843 | D:5      | Killed an ogre
  4843 | D:5      | Reached skill level 1 in Armour
  5499 | D:5      | Reached XP level 8. HP: 60/74 MP: 7/7
  5796 | D:6      | Found a staircase to the Ecumenical Temple.
  5808 | D:6      | Noticed Prince Ribbit
  5926 | D:6      | Reached skill level 9 in Maces & Flails
  6019 | D:6      | Found a shattered altar of Ashenzari.
  6020 | D:6      | Found a sacrificial altar of Ru.
  6028 | D:6      | Found a bloodstained altar of Trog.
  6397 | D:7      | Noticed a hill giant
  6444 | D:7      | Killed a hill giant
  6444 | D:7      | Reached *** piety under Okawaru
  6444 | D:7      | Reached skill level 10 in Maces & Flails
  6839 | D:7      | Reached XP level 9. HP: 28/80 MP: 10/10
  6945 | D:7      | Reached skill level 5 in Armour
  7047 | D:7      | Learned a level 1 spell: Apportation
  7049 | D:7      | Learned a level 1 spell: Summon Butterflies
  7124 | D:7      | Reached **** piety under Okawaru
  7499 | D:7      | Reached skill level 1 in Summonings
  7499 | D:7      | Reached skill level 1 in Translocations
  7945 | D:8      | Found a sparkling altar of Nemelex Xobeh.
  7961 | D:8      | Noticed Pikel
  7988 | D:8      | Killed Pikel
  7988 | D:8      | Received a gift from Okawaru
  8287 | D:8      | Gained mutation: You are agile. (Dex +2) [potion of beneficial mutation]
  8287 | D:8      | HP: 2/80 [orc priest/divine providence (11)]
  8294 | D:8      | Gained mutation: You are robust (+10% HP). [potion of beneficial mutation]
  8294 | D:8      | HP: 3/132 [poisoned by an orc wizard]
  8302 | D:8      | HP: 4/132 [poisoned by an orc wizard]
  8307 | D:8      | HP: 3/132 [poisoned by an orc wizard]
  8308 | D:8      | Slain by an orc priest

Action                   |  1- 3 |  4- 6 |  7- 9 || total
-------------------------+-------+-------+-------++-------
Melee: Flail             |    45 |    78 |   284 ||   407
 Fire: Blowgun           |       |       |    17 ||    17
Throw: Throwing net      |       |     5 |     1 ||     6
       Javelin           |       |       |    18 ||    18
 Cast: Summon Butterflie |       |       |     7 ||     7
Invok: Heroism           |       |       |     5 ||     5
  Use: Scroll            |     3 |     8 |     7 ||    18
       Potion            |     2 |     5 |     6 ||    13
 Stab: Sleeping          |       |     1 |     1 ||     2
  Eat: Chunk             |       |     5 |     6 ||    11
       Bread ration      |       |       |     1 ||     1
       Fruit             |       |       |     6 ||     6
       Beef jerky        |       |       |     2 ||     2
